 Dungeon Crawl Stone Soup version 0.30-a0-800-g7c544603b3 (webtiles) character file.

Game seed: 3261785127010884107

8770 Farfigtubin the Covert (level 11, -6/66 (69) HPs)
             Began as a Kobold Brigand on Feb 21, 2023.
             Was an Elder of Dithmenos.
             Mangled by a centaur warrior (10 damage)
             ... on level 9 of the Dungeon on Feb 22, 2023.
             The game lasted 01:51:45 (11304 turns).

Farfigtubin the Covert (Kobold Brigand)            Turns: 11304, Time: 01:51:45

HP:   -6/66 (69)    AC:  4    Str: 14    XL:     11   Next: 62%
MP:   14/14         EV: 23    Int: 16    God:    Dithmenos [****..]
Gold: 313           SH:  0    Dex: 21    Spells: 10/10 levels left

rFire   . . .      SeeInvis .    a - +2 dagger
rCold   . . .      Faith    +    (no shield)
rNeg    . . .      Spirit   .    b - +0 robe
rPois   .          Reflect  .    (no helmet)
rElec   .          Harm     .    w - scarf {repulsion}
rCorr   .          Rampage  .    (no gloves)
Will    .....                    p - +1 pair of boots
Stlth   ++++++++++               m - amulet of faith
HPRegen 0.31/turn                E - ring of the Pharaoh's Fist {Fly Str+6 Int+3 Slay+2}
MPRegen 0.14/turn                (no ring)

@: flying, wreathed by umbra, lightly drained, repel missiles
A: small, no large weapons, nightstalker 3
a: Renounce Religion, Shadow Step


You were on level 9 of the Dungeon.
You worshipped Dithmenos.
Dithmenos was greatly pleased with you.
You visited 3 branches of the dungeon, and saw 11 of its levels.
You also visited: Sewer.

You collected 353 gold pieces.
You spent 40 gold pieces at shops.

Inventory:

Hand Weapons
 a - a +2 dagger (weapon)
 v - a +1 antimagic dagger
Missiles
 d - 16 poisoned darts (quivered)
 e - a curare-tipped dart
 g - 107 stones
 o - 11 boomerangs
Armour
 b - a +0 robe (worn)
 c - a +0 cloak
 p - a +1 pair of boots (worn)
 w - a scarf of repulsion (worn)
Jewellery
 l - an amulet of magic regeneration
 m - an amulet of faith (around neck)
 D - a ring of fire
 E - the ring of the Pharaoh's Fist (left hand) {Fly Str+6 Int+3 Slay+2}
   (You found it on level 7 of the Dungeon)

   [ring of strength]

   Str:       It affects your strength (+6).
   Int:       It affects your intelligence (+3).
   Slay:      It affects your accuracy & damage with ranged weapons and melee
   (+2).
   Fly:       It grants you flight.
Wands
 t - a wand of mindburst (4)
 F - a wand of polymorph (5)
Scrolls
 f - a scroll of silence {unknown}
 h - 3 scrolls of teleportation
 j - 5 scrolls of identify
 k - a scroll of brand weapon {unknown}
 r - a scroll of enchant armour {unknown}
 s - 2 scrolls of enchant weapon {unknown}
 u - 3 scrolls of poison {unknown}
 x - a scroll of blinking {unknown}
 y - 5 scrolls of noise {unknown}
 C - a scroll of butterflies {unknown}
 H - a scroll of acquirement {unknown}
 K - a scroll of immolation {unknown}
Potions
 i - a potion of berserk rage {unknown}
 n - a potion of curing
 q - a potion of magic {unknown}
 z - 3 potions of haste {unknown}
 A - 2 potions of might {unknown}
 B - 2 potions of lignification {unknown}
 G - a potion of mutation {unknown}
 I - a potion of invisibility {unknown}
 J - 2 potions of cancellation {unknown}
 L - 2 potions of heal wounds


   Skills:
 - Level 8.7 Fighting
 - Level 10.7 Short Blades
 + Level 5.9 Throwing
 * Level 11.3 Dodging
 + Level 14.4 Stealth
 + Level 5.0 Invocations


You had 10 spell levels left.
You didn't know any spells.
Your spell library contained the following spells:

 Spells                   Type           Power      Damage    Failure   Level
 Sandblast                Erth           0%         2d4       26%         1
 Passwall                 Tmut/Erth      0%         N/A       36%         2
 Ignite Poison            Fire/Tmut/Pois 0%         N/A       58%         3
 Kindle Blastsparks       Fire/Tloc/Air  0%         2d10      58%         3
 Portal Projectile        Hex/Tloc       0%         N/A       58%         3
 Stone Arrow              Conj/Erth      0%         3d7       58%         3
 Tukima's Dance           Hex            0%         N/A       58%         3
 Summon Lightning Spire   Summ/Air       0%         N/A       94%         4
 Blade Hands              Tmut           0%         N/A       100%        5
 Freezing Cloud           Conj/Ice/Air   0%         6-21      100%        5


Dungeon Overview and Level Annotations

Branches:
Dungeon (9/15)             Temple (1/1) D:4            Lair (1/5) D:8
  Sewer (visited)
    Orc: D:9-12

Altars:
Ashenzari
Cheibriados
Dithmenos
Elyvilon
Fedhas
Gozag
Hepliaklqana
Kikubaaqudgha
Makhleb
Nemelex Xobeh
Okawaru
Qazlal
Ru
Sif Muna
Trog
Uskayaw
Vehumet
Wu Jian
Xom
Yredelemnul
Zin
The Shining One

Shops:
D:9 *

Annotations:
D:8 3 runed translucent doors, SirDiesAlot's ghost, novice DsVM
D:9 Maggie
Lair:1 3 runed translucent doors


Innate Abilities, Weirdness & Mutations

You are small and have problems with some larger weapons.
You are completely attuned to the shadows.


Message History

You throw a curare-tipped dart.
The curare-tipped dart closely misses the centaur warrior.
The centaur warrior closely misses you. The centaur warrior kicks you.
The centaur warrior attacks as you move away!
The centaur warrior hits you!
The centaur warrior completely misses you.
The centaur warrior wields a +0 shortbow.
The centaur warrior shoots an arrow.
The arrow closely misses you.
Maggie the Vainglorious comes into view.
She is wielding a +1 morningstar of draining.
The centaur warrior shoots an arrow.
The arrow completely misses you.
Maggie shouts!
Throw: 2 darts (curare)
Press: ? - help, Shift-Dir - straight line, f/p - centaur warrior
Aim: a centaur warrior, wielding a +0 shortbow (umbra, 75% to hit)
You throw a curare-tipped dart.
The curare-tipped dart hits the centaur warrior.
The centaur warrior is poisoned.
The centaur warrior convulses.
The centaur warrior seems to slow down.
The centaur warrior is lightly wounded.
You hear a shout!
You hear a bellow!
The centaur warrior unwields a +0 shortbow.
The centaur warrior barely misses you. The centaur warrior kicks you.
You hit the centaur warrior but do no damage.
The centaur warrior is lightly wounded.
The centaur warrior completely misses you. x2
You hit the centaur warrior but do no damage.
The centaur warrior is lightly wounded.
You hit the centaur warrior but do no damage.
The centaur warrior is lightly wounded.
The centaur warrior hits you! The centaur warrior kicks you.
You hit the centaur warrior but do no damage.
The centaur warrior is lightly wounded.
You hit the centaur warrior.
The centaur warrior is lightly wounded.
Maggie hits you with a +1 morningstar of draining!
* * * LOW HITPOINT WARNING * * *
You feel drained.
* * * LOW HITPOINT WARNING * * *
The centaur warrior hits you!
You die...

#.... ##.## ##.# ...#.#
##. #.......#.# ##
#.........# .. #........##
### #..@......## #
###c@.......# .##
#[##))......##...
#).###.........# .
#))#.####....#.# #.
###.#######....# ##.#
######..#..#..###...# #.##
#....#..#..#..#.#...####.#
#.######.##.##.###........
#.# #..#..#..#..#.###.###


You could see Maggie and a centaur warrior (very poisoned, slow).

Vanquished Creatures
  2 two-headed ogres (D:9)
  A gargoyle (D:9)
  A kobold demonologist (D:9)
  2 komodo dragons (Lair:1)
  A rime drake (Lair:1)
  A troll (D:7)
  A polar bear (Lair:1)
  A blink frog (D:8)
  Sigmund (D:3)
  An unseen horror simulacrum (D:8)
  2 yaks (D:6)
  2 steam dragons
  3 water moccasins
  Pargi (Sewer)
  2 sky beasts
  6 ice beasts
  2 black bears
  5 orc warriors
  2 wolves (D:8)
  2 centaurs
  2 phantoms
  A kobold brigand (D:4)
  5 bullfrogs
  3 necrophages
  2 scorpions
  A wight (D:9)
  3 killer bees
  An electric eel (D:8)
  A wyvern simulacrum (D:8)
  5 hounds
  A jelly (D:7)
  3 orc priests
  3 gnoll boudas
  Jessica (D:2)
  Terence (D:3)
  4 iguanas
  3 orc wizards
  15 gnolls
  4 adders
  A river rat (D:3)
  3 ufetubi
  38 orcs
  7 ball pythons
  7 bats
  7 endoplasms
  6 giant cockroaches
  4 goblins
  6 hobgoblins
  10 jackals
  8 kobolds
  4 quokkas
  4 frilled lizards
  5 rats
208 creatures vanquished.

Vanquished Creatures (others)
  2 plants (Lair:1)
2 creatures vanquished.

Grand Total: 210 creatures vanquished

Notes
Turn   | Place    | Note
-------+----------+-------------------------------------------
     0 | D:1      | Farfigtubin the Kobold Brigand began the quest for the Orb.
     0 | D:1      | Reached XP level 1. HP: 12/12 MP: 1/1
   282 | D:1      | Reached XP level 2. HP: 18/18 MP: 2/2
   519 | D:2      | Reached skill level 6 in Stealth
   519 | D:2      | Reached XP level 3. HP: 22/22 MP: 3/3
   596 | D:2      | Found a faded altar of an unknown god.
   608 | D:2      | Noticed Jessica
   615 | D:2      | Killed Jessica
   616 | D:2      | Reached XP level 4. HP: 27/27 MP: 4/4
   869 | D:3      | Found a glowing drain.
   873 | Sewer    | Entered a sewer
   987 | Sewer    | Noticed Pargi
   991 | Sewer    | Killed Pargi
   992 | Sewer    | Reached skill level 7 in Stealth
   992 | Sewer    | Reached XP level 5. HP: 32/32 MP: 5/5
  1232 | D:3      | Reached XP level 6. HP: 22/38 MP: 6/6
  1732 | D:5      | Entered Level 5 of the Dungeon
  1806 | D:6      | Found a hazy altar of Hepliaklqana.
  1817 | D:6      | Noticed a black bear
  1883 | D:6      | Killed a black bear
  1884 | D:6      | Reached skill level 8 in Stealth
  1892 | D:6      | Found a shimmering altar of Xom.
  1892 | D:6      | Found a shadowy altar of Dithmenos.
  1898 | D:6      | Became a worshipper of Dithmenos the Shadowed
  2320 | D:1      | Reached skill level 5 in Short Blades
  2578 | D:2      | Found an iron altar of Okawaru.
  3056 | D:3      | Noticed Sigmund
  3057 | D:3      | Found a glowing silver altar of Zin.
  3057 | D:3      | Noticed an angel
  3058 | D:3      | Killed Sigmund
  3059 | D:3      | Reached skill level 9 in Stealth
  3059 | D:3      | Reached XP level 7. HP: 44/44 MP: 7/7
  3246 | D:3      | Noticed Terence
  3252 | D:3      | Killed Terence
  3512 | D:3      | Reached * piety under Dithmenos
  3874 | D:4      | Found a staircase to the Ecumenical Temple.
  4010 | D:4      | Reached skill level 5 in Fighting
  4010 | D:4      | Reached XP level 8. HP: 15/49 MP: 8/8
  4216 | D:4      | Got Metynwiovo's Compendium of Foggy Toxins
  4392 | Temple   | Entered the Ecumenical Temple
  4558 | Temple   | Reached skill level 10 in Short Blades
  4558 | Temple   | Reached skill level 13 in Stealth
  4558 | Temple   | Reached XP level 9. HP: 60/60 MP: 9/9
  5605 | D:5      | Found a sacrificial altar of Ru.
  6797 | D:6      | Found an iron altar of Okawaru.
  6954 | D:6      | Reached ** piety under Dithmenos
  7008 | D:6      | Reached skill level 1 in Invocations
  7247 | D:6      | Found a white marble altar of Elyvilon.
  7928 | D:7      | Reached XP level 10. HP: 65/65 MP: 11/11
  8261 | D:7      | Identified the ring of the Pharaoh's Fist {Fly Str+6 Int+3
                  | Slay+2}
  9308 | D:8      | Found a staircase to the Lair.
  9569 | D:7      | Reached *** piety under Dithmenos
 10048 | D:8      | Reached skill level 10 in Dodging
 10377 | D:8      | Found a runed translucent gate.
 10377 | D:8      | Found a runed translucent gate.
 10377 | D:8      | Found a runed translucent gate.
 10380 | D:8      | Noticed SirDiesAlot's ghost (novice DsVM)
 10403 | Lair:1   | Entered Level 1 of the Lair of Beasts
 10405 | Lair:1   | Noticed a cane toad
 10409 | Lair:1   | Noticed a rime drake
 10413 | Lair:1   | Killed a rime drake
 10414 | Lair:1   | Reached XP level 11. HP: 69/69 MP: 13/13
 10442 | Lair:1   | Reached skill level 5 in Throwing
 10559 | Lair:1   | Found a runed translucent gate.
 10564 | Lair:1   | Found a runed translucent gate.
 10564 | Lair:1   | Found a runed translucent gate.
 10591 | Lair:1   | Reached skill level 14 in Stealth
 11095 | D:9      | Noticed a two-headed ogre
 11109 | D:9      | Killed a two-headed ogre
 11142 | D:9      | Found a shimmering blue altar of Sif Muna.
 11163 | D:9      | Found Dodui's General Store.
 11168 | D:9      | Bought a scroll of identify for 20 gold pieces
 11168 | D:9      | Bought a scroll of identify for 20 gold pieces
 11207 | D:9      | Reached **** piety under Dithmenos
 11237 | D:9      | Found a broken altar of Ashenzari.
 11286 | D:9      | Noticed a two-headed ogre
 11288 | D:9      | Noticed a centaur warrior
 11290 | D:9      | Killed a two-headed ogre
 11291 | D:9      | Reached skill level 5 in Invocations
 11297 | D:9      | Noticed Maggie
 11304 | D:9      | Mangled by a centaur warrior

Illustrated notes

Levels and vault maps discovered:
D:1:      minmay_arrival_four_circles, layout_basic, minivault_26
D:2:      layout_rooms, shapermc_ecumenical_altar_venn, basic_altar,
          grunt_decor_fettered, minmay_misc_feat_plants, uniq_jessica
D:3:      layout_loops_cross, zin_angel, gup_sewer_entry_bowl, uniq_terence,
          uniq_sigmund
D:4:      layout_basic, temple_fountains
D:5:      layout_basic, nicolae_ru_sacrificial_ziggurat
D:6:      layout_loops_ring, okawaru_gym_becter, kennysheep_mini_moat,
          old_standard_altar, chequers_temple_overflow_statue_of_worship
D:7:      minmay_bubble_buster, layout_cave_pods
D:8:      layout_loops_ring, lair_entry_dummy, gammafunk_ghost_ooze, serial_ice,
          serial_ice_k, serial_ice_o, serial_ice_d, serial_ice_c
D:9:      minmay_s_stair_smasher, layout_loops_ring, lemuel_doored_altar,
          kennysheep_mini, enter_bailey_3, serial_shops,
          nicolae_shop_hallway_plus, shop, shop, shop, st_stairs_2,
          mrwooster_statue_mirror, uniq_maggie
Temple:   nicolae_temple_god_jail
Lair:1:   layout_regular_city, maelrawn_ghost_gauntlet_escape

Skill      XL: |  1  2  3  4  5  6  7  8  9 10 11 |
---------------+----------------------------------+-----
Short Blades   | 3 4 5 6 10 | 10.7
Stealth        | 6 7 9 13 14 | 14.4
Fighting       | 3 4 5 8 |  8.7
Dodging        | 7 8 10 11 | 11.3
Throwing       | 3 4 5 |  5.9
Invocations    | 2 3 5 |  5.0

Action                     |  1- 3 |  4- 6 |  7- 9 | 10-12 || total
---------------------------+-------+-------+-------+-------++-------
  Melee: Dagger            |    56 |   237 |   351 |   227 ||   871
         Punch             |     2 |       |     6 |     3 ||    11
  Throw: Dart              |     3 |       |     2 |    13 ||    18
         Boomerang         |       |       |       |     4 ||     4
    Use: Potion            |       |       |     2 |     4 ||     6
         Scroll            |       |       |     3 |       ||     3
   Stab: Sleeping          |    11 |    23 |    37 |    42 ||   113
         Distracted        |       |       |     4 |     2 ||     6
 Armour: Robe              |     4 |    42 |    22 |    12 ||    80
  Dodge: Dodged            |    28 |   117 |   185 |   171 ||   501
         Repelled          |       |       |       |     2 ||     2

Table legend: (Time is in decaauts)
 A = Elapsed time spent in this place.
 B = Non-inter-level travel time spent in this place.
 C = Inter-level travel time spent in this place.
 D = Time resting spent in this place.
 E = Time spent auto-exploring this place.
 F = Levels seen in this place.
 G = Mean time per level.
                   A        B        C        D        E       F      G
               +--------+--------+--------+--------+--------+-----+--------+
         Total |  11020 |  10364 |    656 |   1640 |    519 |  12 |  918.3 |
       Dungeon |  10272 |   9616 |    656 |   1486 |    448 |   9 | 1141.3 |
        Temple |    246 |    246 |      0 |    137 |     71 |   1 |  246.0 |
          Lair |    320 |    320 |      0 |      0 |      0 |   1 |  320.0 |
         Sewer |    181 |    181 |      0 |     17 |      0 |   1 |  181.0 |
               +--------+--------+--------+--------+--------+-----+--------+

Top non-repeatable levels by time:
     D:4: 1840 daAuts
     D:6: 1475 daAuts
     D:7: 1472 daAuts
     D:5: 1319 daAuts
     D:3: 1265 daAuts
     D:1: 1008 daAuts
     D:8: 980 daAuts
     D:2: 572 daAuts
     D:9: 338 daAuts
  Lair:1: 320 daAuts
  Temple: 246 daAuts
   Sewer: 181 daAuts
